 Dungeon Crawl Stone Soup version 0.31-a0-182-gc5ef74bbde (webtiles) character file.

Game seed: 2178004631026641661

87 lunkers the Twirler (level 5, -1/40 HPs)
             Began as a Meteoran Wanderer on June 21, 2023.
             Slain by an orc
             ... wielding a +0 mace
              (5 damage)
             ... on level 3 of the Dungeon.
             The game lasted 00:02:07 (815 turns).

lunkers the Twirler (Meteoran Wanderer)              Turns: 815, Time: 00:02:07

Health: -1/40      AC:  3    Str: 14    XL:     5   Next: 8%
Magic:  8/8        EV: 11    Int: 16    God:
Gold:   92         SH:  0    Dex: 12    Spells: 2/6 levels left

rFire   . . .        a - +3 quarterstaff
rCold   . . .        (shield currently unavailable)
rNeg    + . .        c - +0 leather armour
rPois   .            (no helmet)
rElec   .            (no cloak)
rCorr   .            (no gloves)
SInv    .            (no boots)
Will    .....        (no amulet)
Stlth   +            j - ring of positive energy
HPRegen 0.26/turn    (no ring)
MPRegen 0.11/turn

%: no passive effects
@: glowing
A: sense surroundings 1, otherworldly, glowing, explore regen
a: no special abilities


You were on level 3 of the Dungeon.
You visited 1 branch of the dungeon, and saw 3 of its levels.

You collected 92 gold pieces.

Inventory:

Hand Weapons
 a - a +3 quarterstaff (weapon)
Armour
 c - a +0 leather armour (worn)
Jewellery
 j - a ring of positive energy (left hand)
 l - an amulet of faith
Scrolls
 b - 2 scrolls of blinking
 g - a scroll of torment {unknown}
 h - a scroll of identify {unknown}
 i - a scroll of fog {unknown}
 m - a scroll of noise {unknown}
Potions
 d - a potion of resistance {unknown}
 e - 2 potions of attraction {unknown}
 f - 2 potions of ambrosia {unknown}
 k - a potion of might {unknown}


   Skills:
 - Level 1.1 Fighting
 + Level 6.2 Staves
 - Level 1.2 Armour
 - Level 1.2 Dodging
 - Level 1.0 Stealth
 - Level 1.3 Spellcasting
 - Level 1.2 Translocations
 - Level 1.2 Evocations


You had 2 spell levels left.
You knew the following spells:

 Your Spells              Type           Power      Damage    Failure   Level
b - Vhi's Electric Charg  Tloc/Air       6%         N/A       54%         3
p - Apportation           Tloc           8%         N/A       17%         1

Your spell library contained the following spells:

 Spells                   Type           Power      Damage    Failure   Level
 Summon Small Mammal      Summ           4%         N/A       26%         1
 Call Canine Familiar     Summ           1%         N/A       63%         3
 Summon Guardian Golem    Hex/Summ       1%         N/A       63%         3
 Animate Armour           Summ/Erth      2%         N/A       95%         4
 Summon Lightning Spire   Summ/Air       1%         N/A       95%         4
 Blade Hands              Tmut           0%         N/A       100%        5


Dungeon Overview and Level Annotations

Branches:
Dungeon (3/15) Zot: 981

Altars:


Innate Abilities, Weirdness & Mutations

You passively map a small area around you.
You are easily found by Zot.
You glow in the dark.
You regain HP and MP as you explore.


Message History

The orc closely misses you.
You hit the orc.
You kill the orc!
You sock the frilled lizard!
You kill the frilled lizard!
The orc hits you from afar with a +0 trident.
The hobgoblin hits you.
Things that are here:
a +0 club; a frilled lizard corpse; an orc corpse You completely miss the hobgoblin.
The hobgoblin closely misses you. The orc hits you but does no damage.
The hobgoblin attacks as you move away! The hobgoblin barely misses you.
The hobgoblin attacks as you move away!
The hobgoblin hits you but does no damage.
You hit the hobgoblin.
The hobgoblin is heavily wounded.
The hobgoblin completely misses you.
You hit the hobgoblin.
You kill the hobgoblin!
You barely miss the orc. The orc hits you with a +0 mace.
The orc hits you from afar with a +0 trident.
You barely miss the orc. The orc hits you with a +0 mace!
* * * LOW HITPOINT WARNING * * *
The orc hits you from afar with a +0 trident!
* * * LOW HITPOINT WARNING * * *
You barely miss the orc. The orc hits you with a +0 mace.
* * * LOW HITPOINT WARNING * * *
The orc closely misses you.
You closely miss the orc. The orc closely misses you.
The orc hits you from afar with a +0 trident.
* * * LOW HITPOINT WARNING * * *
You hit the orc.
The orc is moderately wounded.
The orc hits you with a +0 mace.
* * * LOW HITPOINT WARNING * * *
The orc barely misses you.
You hit the orc.
The orc is moderately wounded.
The orc hits you with a +0 mace.
You die...

+.....+...#.##.#, ,
#.....#.#.#.# .#.# *
.....##.#.#.# .#.#
.....##.#.#.##.#.# ### ,,
....[##.#.#....#.#...# ,
..........†..........
...#......#...##.#.# ** ,
...........#.......# ...#
...........#)###@### *...#
.......##..#.# #o#. , ...#
....#.###..#.# #o#.####...###
...........#.# #)#...........
,,
......##...#.###.##.........#
, ........................
......#.#.......o.......
###.#.#.#............... , #
# #+#......########.


You could see 2 orcs.

Vanquished Creatures
  Terence (D:3)
  2 adders
  2 orcs (D:3)
  2 bats (D:1)
  8 endoplasms
  2 giant cockroaches (D:1)
  6 goblins
  5 hobgoblins
  A quokka (D:1)
  2 ball pythons
  3 frilled lizards
  A kobold (D:2)
  3 rats
38 creatures vanquished.

Notes
Turn   | Place    | Note
-------+----------+-------------------------------------------
     0 | D:1      | lunkers the Meteoran Wanderer began the quest for the Orb.
     0 | D:1      | lunkers set off with the following items: a +3
                  | quarterstaff, a scroll of blinking, a +0 leather armour;
                  | and the following spell memorised: Apportation; and the
                  | following spells available to memorise: Vhi's Electric
                  | Charge.
     0 | D:1      | Reached XP level 1. HP: 16/16 MP: 3/3
    49 | D:1      | Reached skill level 4 in Staves
    49 | D:1      | Reached XP level 2. HP: 23/23 MP: 5/5
   211 | D:1      | Reached XP level 3. HP: 28/28 MP: 6/6
   215 | D:1      | Learned a level 3 spell: Vhi's Electric Charge
   309 | D:1      | Reached skill level 5 in Staves
   478 | D:2      | Reached XP level 4. HP: 32/35 MP: 7/7
   766 | D:3      | Noticed Terence
   774 | D:3      | Killed Terence
   775 | D:3      | Reached skill level 6 in Staves
   775 | D:3      | Reached XP level 5. HP: 40/40 MP: 8/8
   815 | D:3      | Slain by an orc

Illustrated notes

Levels and vault maps discovered:
D:1:      nicolae_arrival_memento_mori, layout_basic
D:2:      layout_basic
D:3:      layout_basic, dreamdust_princess_corridor, uniq_terence, uniq_robin

Skill      XL: |  1  2  3  4 |
---------------+-------------+-----
Staves         | 4 5 6 |  6.2
Fighting       | |  1.1
Armour         | |  1.2
Dodging        | |  1.2
Stealth        | |  1.0
Spellcasting   | |  1.3
Translocations | |  1.2
Evocations     | |  1.2

Action                     |  1- 3 |  4- 6 || total
---------------------------+-------+-------++-------
  Melee: Quarterstaff      |    50 |    35 ||    85
   Stab: Sleeping          |     1 |       ||     1
 Armour: Leather armour    |    14 |     6 ||    20
  Dodge: Dodged            |    13 |    22 ||    35

Table legend: (Time is in decaauts)
 A = Elapsed time spent in this place.
 B = Non-inter-level travel time spent in this place.
 C = Inter-level travel time spent in this place.
 D = Time resting spent in this place.
 E = Time spent auto-exploring this place.
 F = Levels seen in this place.
 G = Mean time per level.
                   A        B        C        D        E       F      G
               +--------+--------+--------+--------+--------+-----+--------+
         Total |    817 |    817 |      0 |      0 |    575 |   3 |  272.3 |
       Dungeon |    817 |    817 |      0 |      0 |    575 |   3 |  272.3 |
               +--------+--------+--------+--------+--------+-----+--------+

Top non-repeatable levels by time:
     D:1: 373 daAuts
     D:2: 355 daAuts
     D:3: 88 daAuts
